 Dungeon Crawl Stone Soup version 0.27.1-34-g3ba077fa99 (webtiles) character file.

Game seed: 1041972983072350965

848 zeram the Cudgeller (level 8, 0/48 HPs)
             Began as a Gargoyle Fighter on Jan 17, 2022.
             Slain by a wight (2 damage)
             ... on level 5 of the Dungeon.
             The game lasted 00:06:13 (4038 turns).

zeram the Cudgeller (Gargoyle Fighter)              Turns: 4038, Time: 00:06:13

Health: 0/48       AC: 12    Str: 22    XL:     8   Next: 1%
Magic:  8/8        EV:  8    Int:  9    God:
Gold:   201        SH: 12    Dex:  9    Spells: 7/7 levels left

rFire    . . .     SeeInvis .   d - +0 morningstar
rCold    . . .     Faith    .   c - +2 kite shield
rNeg     + . .     Spirit   .   b - +0 scale mail
rPois    ∞         Reflect  .   (no helmet)
rElec    +         Harm     .   (no cloak)
rCorr    .         Rampage  .   (no gloves)
Will     .....                  (no boots)
Stlth    ..........             (no amulet)
HPRegen  0.16/turn              (no ring)
MPRegen  0.11/turn              (no ring)

@: about to teleport
A: sickness immunity, AC +5, negative energy resistance 1, electricity
resistance, torment resistance 1, petrification resistance
a: no special abilities


You were on level 5 of the Dungeon.
You visited 1 branch of the dungeon, and saw 5 of its levels.

You collected 237 gold pieces.
You spent 36 gold pieces at shops.

Inventory:

Hand Weapons
 a - a +0 flail
 d - a +0 morningstar (weapon)
Armour
 b - a +0 scale mail (worn)
 c - a +2 kite shield (worn)
Potions
 g - a potion of attraction
 h - a potion of flight
 i - a potion of resistance {unknown}
 k - 2 potions of mutation
 l - a potion of cancellation {unknown}
 m - a potion of curing {unknown}
 n - a potion of haste {unknown}


   Skills:
 + Level 4.7 Fighting
 + Level 5.8 Maces & Flails
 + Level 4.9 Armour
 + Level 1.7 Dodging
 + Level 5.7 Shields


You had 7 spell levels left.
You didn't know any spells.
Your spell library contained the following spells:

 Spells                   Type           Power      Damage    Failure   Level
 Freeze                   Ice            0%         1d3       98%         1
 Magic Dart               Conj           0%         1d3       98%         1
 Shock                    Conj/Air       0%         1d3       98%         1
 Call Imp                 Summ           0%         N/A       99%         2
 Frozen Ramparts          Ice            0%         1d2       100%        3
 Mephitic Cloud           Conj/Pois/Air  0%         N/A       100%        3
 Swiftness                Air            0%         N/A       100%        3
 Airstrike                Air            0%         N/A       100%        4
 Hailstorm                Conj/Ice       0%         3d3       100%        4


Dungeon Overview and Level Annotations

Branches:
Dungeon (5/15)
 Temple: D:4-7

Altars:
Fedhas
Kikubaaqudgha
Uskayaw
Vehumet

Shops:
D:2 ?


Innate Abilities, Weirdness & Mutations

You are immune to sickness and miasma.
Your stone body is resilient. (AC +5)
You are immune to poison.
You resist negative energy. (rN+)
You are resistant to electric shocks. (rElec)
You are resistant to unholy torment.
You are immune to petrification.


Message History

The wight hits you but does no damage.
The wight hits you with a +1 scimitar of freezing.
The wight freezes you.
Your scale mail prevents you from hitting the wight.
The wight is severely damaged.
You block the wight's attack. The wight barely misses you.
You hit the wight but do no damage.
The wight is severely damaged.
You block the wight's attack. The wight hits you but does no damage.
The wight barely misses you.
The wight hits you with a +1 scimitar of freezing.
The wight freezes you.
You are too injured to fight recklessly!
You are too injured to fight recklessly!
You are too injured to fight recklessly!
You are too injured to fight recklessly!
You are too injured to fight recklessly!
You are too injured to fight recklessly!
You are too injured to fight recklessly!
You are too injured to fight recklessly!
You are too injured to fight recklessly!
Unknown command.
The wight hits you from afar with a +4 spear.
You barely miss the wight. The wight barely misses you.
The wight closely misses you.
You barely miss the wight.
The wight hits you from afar with a +4 spear.
* * * LOW HITPOINT WARNING * * *
The wight completely misses you.
The wight hits you with a +1 scimitar of freezing!
* * * LOW HITPOINT WARNING * * *
The wight freezes you.
* * * LOW HITPOINT WARNING * * *
The wight hits you from afar with a +4 spear.
* * * LOW HITPOINT WARNING * * *
Okay, then.
As you read the scroll of teleportation, it crumbles to dust.
You feel strangely unstable. You block the wight's attack.
The wight hits you with a +1 scimitar of freezing.
You die...

.. #### #. ...# ##.
##.# #... #..# #
####..####.# ##.#
#......@zz.# ...#
#.##...##z.# ####
#.##.#.# ..# .######
#.##.[.##..#
......####.##.........
......................
..###.####.........#...
.## #.# #####.######..(
..# #.# #.#


You could see 3 wights.

Vanquished Creatures
  Grinder (D:3)
  The ghost of Ironcache the Skirmisher, an amateur HuMo of Gozag (D:3)
  An ogre (D:4)
  3 scorpions (D:4)
  A wight (D:5)
  A bullfrog skeleton (D:5)
  An iguana (D:5)
  An orc wizard (D:4)
  An adder (D:2)
  An ufetubus (D:4)
  3 worms
  4 dart slugs
  8 orcs
  14 endoplasms
  4 giant cockroaches
  6 goblins
  11 hobgoblins
  2 jackals (D:3)
  3 quokkas
  6 ball pythons
  7 bats
  2 frilled lizards
  5 kobolds
  5 rats
92 creatures vanquished.

Notes
Turn   | Place    | Note
-------+----------+-------------------------------------------
     0 | D:1      | zeram the Gargoyle Fighter began the quest for the Orb.
     0 | D:1      | Reached XP level 1. HP: 14/14 MP: 1/1
    75 | D:1      | Found a faded altar of an unknown god.
   170 | D:1      | Reached XP level 2. HP: 16/19 MP: 2/2
   843 | D:2      | Found Hamnephive's Magic Scroll Emporium.
   857 | D:2      | Bought a scroll of teleportation for 36 gold pieces
   866 | D:2      | Reached XP level 3. HP: 23/23 MP: 3/3
   928 | D:2      | Found a blossoming altar of Fedhas.
  1541 | D:2      | Reached XP level 4. HP: 16/28 MP: 4/4
  2098 | D:3      | Found a radiant altar of Vehumet.
  2098 | D:3      | Found an ancient bone altar of Kikubaaqudgha.
  2259 | D:3      | Found a runed translucent door.
  2421 | D:3      | Noticed Ironcache's ghost (amateur HuMo)
  2463 | D:3      | Noticed Grinder
  2475 | D:3      | Killed Grinder
  2476 | D:3      | Reached skill level 1 in Dodging
  2476 | D:3      | Reached XP level 5. HP: 16/33 MP: 5/5
  2476 | D:3      | Reached XP level 6. HP: 18/38 MP: 6/6
  2753 | D:3      | Killed Ironcache's ghost
  2754 | D:3      | Reached skill level 5 in Shields
  2754 | D:3      | Reached XP level 7. HP: 33/43 MP: 7/7
  3032 | D:4      | Reached skill level 5 in Maces & Flails
  3323 | D:4      | Noticed a +0 short sword
  3323 | D:4      | Noticed a +0 dagger
  3325 | D:4      | Noticed a +0 spear
  3336 | D:4      | Noticed a +0 short sword
  3337 | D:4      | Noticed a +0 falchion
  3337 | D:4      | Noticed a +0 dagger
  3337 | D:4      | Noticed a +0 falchion
  3339 | D:4      | Noticed a +0 spear
  3364 | D:4      | Found a hide-covered altar of Uskayaw.
  3876 | D:5      | Entered Level 5 of the Dungeon
  4021 | D:5      | Reached XP level 8. HP: 48/48 MP: 8/8
  4037 | D:5      | HP: 2/48 [wight (1)]
  4038 | D:5      | Slain by a wight

Illustrated notes

Levels and vault maps discovered:
D:1:      ncdulo_wetmaze, layout_rooms, dreamdust_ecumenical_altar_statues,
          lemuel_another_geyser
D:2:      minmay_angry_zag, layout_rooms, serial_shops, shop_fountains,
          basic_altar, minmay_hexomino_f4
D:3:      layout_loops_cross, mainiacjoe_overflow_divided_tiny,
          ebering_ghost_reflecting_pool, hex_medium, st_stairs_7, uniq_grinder
D:4:      layout_loops_cross, nicolae_uskayaw_en_pointe
D:5:      layout_loops_corners, xom_redecorated, serial_shops,
          nicolae_shop_behind_doors, uniq_sigmund

Skill      XL: |  1  2  3  4  5  6  7 |
---------------+----------------------+-----
Maces & Flails | 3 4 5 |  5.8
Shields        | 4 5 |  5.7
Fighting       | 4 |  4.7
Armour         | 4 |  4.9
Dodging        | 1 |  1.7

Action                   |  1- 3 |  4- 6 |  7- 9 || total
-------------------------+-------+-------+-------++-------
Melee: Flail             |   134 |    97 |   114 ||   345
       Morningstar       |       |       |     9 ||     9
  Use: Scroll            |     3 |     1 |     5 ||     9
       Potion            |       |     1 |       ||     1
Armor: Scale mail        |    82 |    65 |    75 ||   222
Dodge: Dodged            |    52 |    32 |    45 ||   129
Block: Kite shield       |    84 |    71 |    66 ||   221
